 Dungeon Crawl Stone Soup version 0.26.0-57-g60708a5e39 (webtiles) character file.

Game seed: 11032375131136787598

54 PentaManta the Insei (level 3, -4/26 HPs)
             Began as a Merfolk Transmuter on Feb 1, 2021.
             Slain by Natasha (10 damage)
             ... on level 2 of the Dungeon.
             The game lasted 00:04:40 (2631 turns).

PentaManta the Insei (Merfolk Transmuter)           Turns: 2631, Time: 00:04:42

Health: -4/26      AC:  2    Str: 10    XL:     3   Next: 91%
Magic:  6/6        EV: 13    Int: 12    God:
Gold:   53         SH:  0    Dex: 15    Spells: 2/6 levels left

rFire    . . .     SeeInvis .     - Unarmed
rCold    . . .     Faith    .   (no shield)
rNeg     . . .     Spirit   .   a - +0 robe
rPois    .         Reflect  .   (helmet currently unavailable)
rElec    .         Harm     .   (no cloak)
rCorr    .         Rampage  .   (no gloves)
Will     .....                  (boots currently unavailable)
Stlth    +.........             (no amulet)
HPRegen  0.08/turn              (no ring)
MPRegen  0.10/turn              (no ring)

@: appendages (expiring), slowed, very slow
A: change form in water, swift swim, stealthy swim, horns 2
a: End Transformation


You were on level 2 of the Dungeon.
You had grown temporary horns.
You visited 1 branch of the dungeon, and saw 2 of its levels.

You collected 53 gold pieces.

Inventory:

Missiles
 d - 71 stones (quivered)
 k - 15 poisoned darts
Armour
 a - a +0 robe (worn)
 c - a +0 pair of gloves
Jewellery
 f - an uncursed ring of stealth {unknown}
 h - an uncursed amulet of guardian spirit {unknown}
 l - an uncursed ring of poison resistance {unknown}
Scrolls
 b - 2 scrolls of random uselessness {unknown}
 e - 2 scrolls of identify {unknown}
 g - 3 scrolls of teleportation {unknown}
 j - a scroll of enchant armour {unknown}
 m - a scroll of remove curse {unknown}
Potions
 i - 2 potions of heal wounds {unknown}
 n - a potion of cancellation {unknown}


   Skills:
 - Level 1.1 Fighting
 * Level 2.8 Dodging
 * Level 4.5 Unarmed Combat
 - Level 2.0 Spellcasting
 + Level 3.9 Transmutations


You had 2 spell levels left.
You knew the following spells:

 Your Spells              Type           Power        Failure   Level
a - Beastly Appendage     Tmut           20%          5%          1
b - Spider Form           Tmut/Pois      2%           36%         3

Your spell library contained the following spells:

 Spells                   Type           Power        Failure   Level
 Wereblood                Tmut           10%          9%          2
 Ice Form                 Ice/Tmut       5%           77%         4
 Blade Hands              Tmut           5%           83%         5


Dungeon Overview and Level Annotations

Branches:
Dungeon (2/15)

Altars:
Trog

Annotations:
D:2 Natasha


Innate Abilities, Weirdness & Mutations

You revert to your normal form in water.
You are very nimble and swift while swimming.
You are very stealthy in the water. (Stealth+)
You have a pair of horns on your head.


Message History

You hit Natasha.
Natasha is heavily wounded.
Natasha barely misses you.
Natasha mumbles some strange words.
You hit Natasha.
Natasha is almost dead.
Natasha stares at you and mumbles some strange words.
The magic dart hits you.
You hit Natasha but do no damage.
Natasha is almost dead.
Your transformation is almost over.
Natasha misses you.
You hit Natasha.
Natasha is almost dead.
Natasha claws you! The white imp gestures at you. The puff of frost hits you!
* * * LOW HITPOINT WARNING * * *
Natasha claws you!
You die...

#....)... #......#
#........ #......#
#........ ###......#
######... ........+ +...
##......# #... #.......#
###. #....h5.# #####
####. #.....@#### #...
....#
#.........###.######...
.'.........'.......##...
.#.........##...........
###.......##...........
#.......##...........
#.......##...........
##########...........
##'####'#...


You could see Natasha and a white imp (summoned).

Vanquished Creatures
  2 adders (D:2)
  A worm (D:2)
  2 dart slugs (D:1)
  A leopard gecko (D:1)
  2 giant cockroaches (D:2)
  2 goblins (D:2)
  6 hobgoblins
  A quokka (D:2)
  3 bats
  3 frilled lizards
  A kobold (D:2)
  7 rats
31 creatures vanquished.

Notes
Turn   | Place    | Note
-------+----------+-------------------------------------------
     0 | D:1      | PentaManta the Merfolk Transmuter began the quest for the
                  | Orb.
     0 | D:1      | Reached XP level 1. HP: 15/15 MP: 3/3
   310 | D:1      | Reached XP level 2. HP: 21/21 MP: 5/5
  1161 | D:2      | Reached skill level 4 in Unarmed Combat
  1283 | D:2      | Reached XP level 3. HP: 7/26 MP: 6/6
  1901 | D:2      | Learned a level 3 spell: Spider Form
  2026 | D:2      | Noticed a moth of wrath
  2029 | D:2      | Found a bloodstained altar of Trog.
  2619 | D:2      | Noticed Natasha
  2631 | D:2      | Slain by Natasha

Illustrated notes

Levels and vault maps discovered:
D:1:      ncdulo_halloftheorcs, layout_basic, supply_closet_lemuel
D:2:      layout_basic, tgw_trog, nicolae_ru_path_of_blood,
          uniq_crazy_yiuf_cottage, uniq_natasha

Skill      XL: |  1  2 |
---------------+-------+-----
Transmutations | 3 |  3.9
Unarmed Combat | 4 |  4.5
Fighting       | |  1.1
Dodging        | |  2.8
Spellcasting   | |  2.0

Action                   || total
-------------------------++-------
Melee: Unarmed           ||   108
       Headbutt          ||     7
       Punch             ||     1
Throw: Stone             ||     5
 Cast: Beastly Appendage ||     6
  Use: Potion            ||     1
 Stab: Sleeping          ||     2
Armor: Robe              ||    11
Dodge: Dodged            ||    62
